 Dungeon Crawl Stone Soup version 0.30.0-29-ga12c61a403 (webtiles) character file.

Game seed: 11377161986732514432

420 Graphine the Covert (level 7, -2/63 HPs)
             Began as a Kobold Brigand on June 18, 2023.
             Engulfed by a cloud of steam (7 damage)
             ... on level 4 of the Dungeon.
             The game lasted 00:07:52 (3339 turns).

Graphine the Covert (Kobold Brigand)                Turns: 3339, Time: 00:07:53

Health: -2/63      AC: 23    Str: 12    XL:     7   Next: 16%
Magic:  7/7        EV:  3    Int: 15    God:
Gold:   133        SH:  4    Dex: 18    Spells: 6/6 levels left

rFire   . . .        n - +5 short sword of Tuonamm {elec, Str+3 Int+3}
rCold   . . .        f - +0 buckler {reflect}
rNeg    . . .        b - melded +0 robe
rPois   +            (helmet currently unavailable)
rElec   .            c - melded +0 cloak
rCorr   .            (gloves currently unavailable)
SInv    .            (boots currently unavailable)
Will    .....        o - amulet of the acrobat
Stlth   +++++        (no ring)
HPRegen 0.30/turn    (no ring)
MPRegen 0.10/turn

%: reflection, acrobat
@: tree-form, acrobatic
A: stationary, stasis, torment immunity, boosted hp, small, no large weapons,
nightstalker 3
a: no special abilities


You were on level 4 of the Dungeon.
You were a tree.
You visited 1 branch of the dungeon, and saw 4 of its levels.

You collected 133 gold pieces.

Inventory:

Hand Weapons
 a - a +6 dagger
 n - the +5 short sword of Tuonamm (weapon) {elec, Str+3 Int+3}
   (You found it on level 3 of the Dungeon)

   Str:       It affects your strength (+3).
   Int:       It affects your intelligence (+3).
Missiles
 d - 11 poisoned darts (quivered)
 e - 3 curare-tipped darts
Armour
 b - a +0 robe (melded)
 c - a +0 cloak (melded)
 f - a +0 buckler of reflection (worn)
Jewellery
 o - an amulet of the acrobat (around neck)
 p - a ring of magical power
Scrolls
 g - 2 scrolls of identify
 j - 3 scrolls of teleportation
 q - a scroll of blinking
Potions
 h - a potion of cancellation
 k - 2 potions of brilliance
 l - 3 potions of attraction


   Skills:
 + Level 3.7 Fighting
 + Level 4.5 Short Blades
 - Level 2.1 Throwing
 + Level 3.5 Dodging
 * Level 8.0 Stealth
 + Level 1.6 Shields


You had 6 spell levels left.
You didn't know any spells.
Your spell library contained the following spells:

 Spells                   Type           Power      Damage    Failure   Level
 Freeze                   Ice            0%         1d3       36%         1
 Shock                    Conj/Air       0%         1d3       36%         1
 Summon Small Mammal      Summ           0%         N/A       36%         1
 Call Canine Familiar     Summ           0%         N/A       75%         3
 Frozen Ramparts          Ice            0%         1d1       75%         3
 Hailstorm                Conj/Ice       0%         3d3       75%         3
 Portal Projectile        Hex/Tloc       0%         N/A       75%         3
 Swiftness                Air            0%         N/A       75%         3
 Airstrike                Air            0%         2d(0-16)  98%         4
 Leda's Liquefaction      Hex/Erth       0%         N/A       98%         4


Dungeon Overview and Level Annotations

Branches:
Dungeon (4/15)
 Temple: D:4-7

Altars:
Elyvilon
Kikubaaqudgha
Sif Muna
Vehumet

Shops:
D:3 ?


Innate Abilities, Weirdness & Mutations

You are a tree.
Your roots penetrate the ground, keeping you stationary.
You cannot be teleported.
You are immune to unholy pain and torment.
Your maximum health is greatly increased.
Your equipment is partially melded.
You are small and have problems with some larger weapons.
You are completely attuned to the shadows.


Message History

You barely miss the steam dragon.
The steam dragon is heavily wounded.
The steam dragon breathes steam at you. The ball of steam misses you.
You see here a +0 dagger.
You hit the steam dragon but do no damage.
The steam dragon is moderately wounded.
The steam dragon barely misses you. The steam dragon claws you.
You puncture the steam dragon!
The steam dragon is severely wounded.
The steam dragon bites you!
* * * LOW HITPOINT WARNING * * *
The steam dragon barely misses you.
Really quaff the potion of lignification?
You turn into a tree.
Your +0 cloak melds into your body.
Your +0 robe melds into your body.
Your roots penetrate the ground.
The steam dragon bites you but does no damage.
The steam dragon claws you but does no damage.
You hit the steam dragon.
The steam dragon is almost dead.
The steam dragon breathes steam at you. The ball of steam hits you.
* * * LOW HITPOINT WARNING * * *
You hit the steam dragon.
Lightning courses through the steam dragon!
You kill the steam dragon!
You are engulfed in a cloud of scalding steam.
Your Stealth skill increases to level 8!
You have reached level 7!
You're standing in a cloud of steam!
You're standing in a cloud of steam!
Unknown command.
You are engulfed in a cloud of scalding steam.
* * * LOW HITPOINT WARNING * * *
You are engulfed in a cloud of scalding steam.
Okay, then.
You are engulfed in a cloud of scalding steam.
You cannot move.
You are engulfed in a cloud of scalding steam.
You die...

#....#
#..######.#
####.#
#..######.#
#.#
#.....>##.#
#.#
##.###.##.#
#.# #.#
#.##.# #<#
#.###.##.#
#.#
#.#...##.#
#.#
#†#.####.#
#.#
#.♣#.....#
#.#
#.#.######
#.# #.#.#
#.#####.#.#
#...##..#..
###.##.####
#.##.#
#.##.##
#.#.#.##


There were no monsters in sight!

Vanquished Creatures
  A steam dragon (D:4)
  A gnoll bouda (D:4)
  A hound (D:4)
  A jelly (D:4)
  An orc priest (D:3)
  An iguana (D:4)
  4 adders
  A gnoll (D:4)
  An ufetubus (D:4)
  2 dart slugs
  7 orcs (D:3)
  4 bats
  7 endoplasms
  2 giant cockroaches
  9 goblins
  10 hobgoblins
  5 jackals
  8 kobolds
  A quokka (D:2)
  3 ball pythons
  17 frilled lizards
  8 rats
95 creatures vanquished.

Vanquished Creatures (others)
  A gnoll (D:4)
1 creature vanquished.

Grand Total: 96 creatures vanquished

Notes
Turn   | Place    | Note
-------+----------+-------------------------------------------
     0 | D:1      | Graphine the Kobold Brigand began the quest for the Orb.
     0 | D:1      | Reached XP level 1. HP: 12/12 MP: 1/1
    96 | D:1      | Reached XP level 2. HP: 18/18 MP: 2/2
   525 | D:1      | Reached XP level 3. HP: 22/22 MP: 3/3
  1110 | D:2      | Reached skill level 6 in Stealth
  1220 | D:2      | Found a white marble altar of Elyvilon.
  1786 | D:2      | Identified a scroll of acquirement
  1786 | D:2      | Acquired a +0 buckler of reflection
  1826 | D:3      | Identified the +5 short sword of Tuonamm {elec, Str+3
                  | Int+3}
  1860 | D:3      | Reached XP level 4. HP: 27/27 MP: 4/4
  2106 | D:3      | Found a faded altar of an unknown god.
  2173 | D:3      | Reached XP level 5. HP: 19/32 MP: 5/5
  2433 | D:3      | Found Kauh's Magic Scroll Emporium.
  2499 | D:3      | Found an ancient bone altar of Kikubaaqudgha.
  2502 | D:3      | Found a shimmering blue altar of Sif Muna.
  2506 | D:3      | Got Sif Muna's Elucidation of Generation
  2509 | D:3      | Found a radiant altar of Vehumet.
  2841 | D:4      | Reached skill level 7 in Stealth
  2841 | D:4      | Reached skill level 1 in Shields
  2879 | D:4      | Reached XP level 6. HP: 37/37 MP: 6/6
  3193 | D:4      | Noticed a steam dragon
  3335 | D:4      | Killed a steam dragon
  3336 | D:4      | Reached skill level 8 in Stealth
  3336 | D:4      | Reached XP level 7. HP: 13/42 MP: 7/7
  3339 | D:4      | Engulfed by a cloud of steam

Illustrated notes

Levels and vault maps discovered:
D:1:      zelgadis_glass_arrival_small, layout_loops_ring, serial_forest,
          infiniplex_forest_end_2, infiniplex_forest_clump_diagonal,
          infiniplex_forest_clump_curved, infiniplex_forest_lined_3_way,
          infiniplex_forest_clump_curved, infiniplex_forest_clump_curved,
          infiniplex_forest_straight_5, minivault_4, minmay_misc_feat_plants
D:2:      layout_basic, basic_altar
D:3:      layout_basic, grunt_temple_overflow_magic_moments,
          nicolae_ecumenical_pavilion, serial_shops,
          nicolae_shop_competitors_out_of_business
D:4:      layout_loops_ring, minmay_lizard_king

Skill      XL: |  1  2  3  4  5  6 |
---------------+-------------------+-----
Short Blades   | 3 4 |  4.5
Stealth        | 6 7 8 |  8.0
Dodging        | 2 3 |  3.5
Fighting       | 3 |  3.7
Shields        | 1 |  1.6
Throwing       | |  2.1

Action                     |  1- 3 |  4- 6 |  7- 9 || total
---------------------------+-------+-------+-------++-------
  Melee: Dagger            |    88 |    89 |       ||   177
         Short sword       |     2 |    32 |       ||    34
  Throw: Dart              |       |     1 |       ||     1
    Use: Scroll            |    12 |     5 |       ||    17
         Potion            |       |     2 |       ||     2
   Stab: Sleeping          |    23 |    20 |       ||    43
         Distracted        |       |     1 |       ||     1
 Armour: Robe              |    12 |     8 |       ||    20
         Skin              |       |     2 |     2 ||     4
  Dodge: Dodged            |    42 |    68 |       ||   110
  Block: Buckler           |       |    17 |       ||    17
         Reflection        |       |     1 |       ||     1
